 Dungeon Crawl Stone Soup version 0.31-a0-198-g2ad674f65e (webtiles) character file.

Game seed: 11656196057413894177

156 qw the Skirmisher (level 5, -9/29 HPs)
             Began as a Deep Elf Hunter on June 25, 2023.
             Killed from afar by Sigmund (12 damage)
             ... with a puff of flame
             ... on level 4 of the Dungeon.
             The game lasted 00:00:44 (1795 turns).

qw the Skirmisher (Deep Elf Hunter)                 Turns: 1795, Time: 00:00:44

Health: -9/29      AC:  7    Str: 10    XL:     5   Next: 14%
Magic:  7/7        EV:  9    Int: 14    God:
Gold:   133        SH:  0    Dex: 18    Spells: 4/4 levels left

rFire   . . .        Y - +1 shortbow
rCold   . . .        (shield currently unavailable)
rNeg    . . .        f - +0 scale mail
rPois   +            (no helmet)
rElec   .            e - +0 cloak
rCorr   .            (no gloves)
SInv    .            (no boots)
Will    +....        (no amulet)
Stlth   +            h - ring of willpower
HPRegen 0.24/turn    i - ring of poison resistance
MPRegen 0.10/turn

%: no passive effects
@: about to teleport
A: no striking features
a: no special abilities


You were on level 4 of the Dungeon.
You visited 1 branch of the dungeon, and saw 4 of its levels.

You collected 133 gold pieces.


   Skills:
 - Level 1.5 Fighting
 + Level 8.6 Ranged Weapons
 - Level 2.4 Dodging
 - Level 1.2 Stealth


You had 4 spell levels left.
You didn't know any spells.
Your spell library was empty.

Inventory:

Hand Weapons
 Y - a +1 shortbow (weapon)
Armour
 e - a +0 cloak (worn)
 f - a +0 scale mail (worn)
Jewellery
 h - a ring of willpower (left hand)
 i - a ring of poison resistance (right hand)
Scrolls
 j - 3 scrolls of teleportation
Potions
 a - a potion of cancellation {unknown}
 d - a potion of curing {unknown}
 g - a potion of heal wounds
 k - a potion of magic {unknown}
 l - a potion of lignification {unknown}
 n - a potion of attraction {unknown}

Dungeon Overview and Level Annotations

Branches:
Dungeon (4/15)             Temple (0/1) D:4

Altars:
Gozag

Annotations:
D:3 3 runed translucent doors, qw's ghost, amateur DEHu
D:4 Sigmund


Message History

Waypoint 3 assigned to D:4.
Found a stone staircase leading up.
Found a stone staircase leading down.
You now have 133 gold pieces (gained 5).
You feel your willpower return.
You open the door.
Sigmund the Dreaded comes into view.
He is wielding a +0 scythe.
Sigmund shouts!
Found a staircase to the Ecumenical Temple.
1784 ||| PLANNING TEMPLE You shoot an arrow.
The arrow barely misses Sigmund.
Sigmund hits you from afar with a +0 scythe.
You shoot an arrow. The arrow closely misses Sigmund.
Sigmund hits you but does no damage.
You shoot an arrow. The arrow closely misses Sigmund.
You shoot an arrow. The arrow hits Sigmund.
Sigmund is lightly wounded.
Sigmund barely misses you.
You shoot an arrow. The arrow barely misses Sigmund.
Sigmund hits you from afar with a +0 scythe.
You shoot an arrow. The arrow hits Sigmund.
Sigmund is moderately wounded.
Sigmund flickers, as though insubstantial.
Sigmund closely misses you.
You shoot an arrow. The arrow closely misses Sigmund.
Sigmund hits you from afar with a +0 scythe.
You shoot an arrow. The arrow closely misses Sigmund.
Sigmund closely misses you.
You shoot an arrow. The arrow closely misses Sigmund.
You shoot an arrow. The arrow hits Sigmund.
Sigmund is moderately wounded.
Sigmund hits you from afar with a +0 scythe!
Sigmund hits you with a +0 scythe.
There is an open door, spattered with blood here.
1795 ||| READING 4 scrolls of teleportation.
As you read the scroll of teleportation, it crumbles to dust.
You feel strangely unstable. Sigmund casts a spell at you.
The puff of flame hits you!
You die...

# #. ######
###.#####.....#
........#.....#
#########.....#.....#
## .........#...@@.>..#
...#............#.....#
...#............#.....#
...............#.....#
#....#.......###+###
#..<........##
#..###.#....###..
#................#
#.####.##..####..#


You could see Sigmund.

Vanquished Creatures
  Natasha (D:3)
  5 gnolls
  4 adders
  5 bats
  7 endoplasms
  A giant cockroach (D:2)
  5 goblins
  3 hobgoblins
  A kobold (D:2)
  2 quokkas
  8 ball pythons
  2 frilled lizards
  5 rats
49 creatures vanquished.

Notes
Turn   | Place    | Note
-------+----------+-------------------------------------------
     0 | D:1      | qw the Deep Elf Hunter began the quest for the Orb.
     0 | D:1      | Reached XP level 1. HP: 12/12 MP: 3/3
     0 | D:1      | 0 ||| qw: Version: 0.3-a-22-g0ed2b0b
     0 | D:1      | 0 ||| qw: Game counter: 5449
     0 | D:1      | 0 ||| qw: Melee chars always use a shield: true
     0 | D:1      | 0 ||| qw: God list: Okawaru
     0 | D:1      | 0 ||| qw: Allow faded altars: false
     0 | D:1      | 0 ||| qw: Do Orc after clearing Dungeon:15 true
     0 | D:1      | 0 ||| qw: Do second Lair branch before Depths: true
     0 | D:1      | 0 ||| qw: Lair rune preference: random
     0 | D:1      | 0 ||| qw: Goals: Normal
     0 | D:1      | 0 ||| PLANNING D:1-11
   279 | D:1      | Reached skill level 6 in Ranged Weapons
   279 | D:1      | Reached XP level 2. HP: 16/16 MP: 4/4
   710 | D:1      | 710 ||| UPGRADING to +0 cloak.
   715 | D:1      | 715 ||| UPGRADING to ring of willpower.
   716 | D:1      | 716 ||| READING scroll labelled YDYP OFANU.
   717 | D:1      | 717 ||| READING scroll labelled QONUNE OMOSCHO.
   718 | D:1      | 718 ||| DROPPING scroll of butterflies.
   753 | D:2      | Reached XP level 3. HP: 20/20 MP: 5/5
   772 | D:2      | Reached skill level 7 in Ranged Weapons
   816 | D:2      | Reached XP level 4. HP: 25/25 MP: 6/6
  1140 | D:2      | 1140 ||| UPGRADING to +0 scale mail.
  1150 | D:2      | 1150 ||| DROPPING +0 leather armour.
  1151 | D:2      | 1151 ||| UPGRADING to ring of poison resistance.
  1152 | D:2      | 1152 ||| READING scroll labelled GYPRIWEVUU.
  1153 | D:2      | 1153 ||| READING scroll labelled GUHON PICU.
  1279 | D:3      | Reached skill level 8 in Ranged Weapons
  1495 | D:3      | Noticed Natasha
  1501 | D:3      | Killed Natasha
  1550 | D:3      | Reached XP level 5. HP: 29/29 MP: 7/7
  1562 | D:3      | Found an opulent altar of Gozag.
  1563 | D:3      | Found a runed translucent gate.
  1563 | D:3      | Found a runed translucent gate.
  1563 | D:3      | Found a runed translucent gate.
  1721 | D:3      | Noticed qw's ghost (amateur DEHu)
  1724 | D:3      | 1724 ||| READING scroll labelled HEXTUI AKHY.
  1725 | D:3      | 1725 ||| READING scroll labelled SUHUCLYCKU.
  1726 | D:3      | 1726 ||| READING 5 scrolls labelled EREEMEREXA.
  1737 | D:3      | 1737 ||| READING scroll labelled ADO QUOKOE.
  1738 | D:3      | 1738 ||| DRINKING 2 purple potions.
  1783 | D:4      | Found a staircase to the Ecumenical Temple.
  1783 | D:4      | Noticed Sigmund
  1784 | D:4      | 1784 ||| PLANNING TEMPLE
  1794 | D:4      | HP: 3/29 [Sigmund/+0 scythe (5)]
  1795 | D:4      | 1795 ||| READING 4 scrolls of teleportation.
  1795 | D:4      | Killed from afar by Sigmund

Levels and vault maps discovered:
D:1:      elethiomel_arrival_quiet, layout_loops_ring,
          hangedman_abyss_or_decor_stabs
D:2:      layout_rooms
D:3:      layout_basic, ebering_ghost_gozag, minmay_shallow_snake_nest,
          uniq_natasha
D:4:      layout_basic, temple_green, chequers_jeans, kennysheep_dice,
          uniq_edmund, uniq_sigmund, uniq_menkaure, uniq_crazy_yiuf_cottage

Skill      XL: |  1  2  3  4 |
---------------+-------------+-----
Ranged Weapons | 6 7 8 |  8.6
Fighting       | |  1.5
Dodging        | |  2.4
Stealth        | |  1.2

Action                     |  1- 3 |  4- 6 || total
---------------------------+-------+-------++-------
   Fire: Shortbow          |    75 |    71 ||   146
    Use: Scroll            |     2 |     7 ||     9
         Potion            |       |     1 ||     1
 Armour: Leather armour    |     7 |     5 ||    12
         Scale mail        |       |     5 ||     5
  Dodge: Dodged            |    20 |    17 ||    37

Table legend:
 A = Non-vault XP
 B = Vault XP
 C = Vault XP percentage of total XP
 D = Non-vault monster count
 E = Vault monster count
 F = Vault count percentage of total count
                 A         B        C        D         E       F
            +---------+---------+-------+---------+---------+-------
      Total |     170 |      53 |  23.8 |      44 |       5 |  10.2
            +---------+---------+-------+---------+---------+-------
        D:1 |      33 |       0 |   0.0 |      12 |       0 |   0.0
        D:2 |     105 |       0 |   0.0 |      20 |       0 |   0.0
        D:3 |      32 |      53 |  62.4 |      12 |       5 |  29.4
            +---------+---------+-------+---------+---------+-------
